 Dungeon Crawl Stone Soup version 0.15.1-1-gfacfea3 (webtiles) character file.

49 CrazyArbalest the Sneak (level 3, -1/16 HPs)
             Began as a Spriggan Enchanter on Sept 20, 2014.
             Slain by an orc
             ... wielding a +0 flail
              (11 damage)
             ... on Level 3 of the Dungeon.
             The game lasted 00:06:22 (2156 turns).

CrazyArbalest the Sneak (Spriggan Enchanter)        Turns: 2156, Time: 00:06:22

HP  -1/16        AC  2     Str  5      XL: 3   Next: 51%
MP   9/9         EV 19     Int 16      God:
Gold 135         SH  0     Dex 18      Spells:  1 memorised,  6 levels left

rFire  . . .     SeeInvis +     a - +1 dagger
rCold  . . .     Clarity  .     r - +0 robe (curse)
rNeg   . . .     rCorr    .     (shield restricted)
rPois  .         rRot     .     (helmet restricted)
rElec  .         Spirit   .     (no cloak)
SustAb .         Warding  .     (gloves unavailable)
rMut   .         Stasis   .     (boots unavailable)
Gourm  .                        (no amulet)
MR     .....                    (no ring)
                                e - +2 ring of dexterity

@: very quick, not resistant to hostile enchantments, stealthy
A: unfitting armour, see invisible, herbivore 3, speed 3, slow metabolism 2
a: no special abilities


You were on level 3 of the Dungeon.
You were not hungry.

You visited 1 branch of the dungeon, and saw 3 of its levels.

You collected 135 gold pieces.

Inventory:

Hand weapons
 a - a +1 dagger (weapon)
Missiles
 p - 9 bolts of frost
 q - 26 bolts
Armour
 b - a +1 robe
 r - a cursed +0 robe (worn)
Comestibles
 n - a royal jelly
Scrolls
 f - a scroll of identify
 h - a scroll of recharging
Jewellery
 e - a +2 ring of dexterity (left hand)
Potions
 d - a potion of porridge
 g - 2 potions of haste {unknown}
 i - 2 potions of brilliance {unknown}
 j - a potion of curing {unknown}
 k - a potion of flight {unknown}
 l - a potion of cancellation {unknown}
 m - 3 potions of agility {unknown}
 o - a potion of poison {unknown}
Books
 c - a book of Maledictions

   Spells                             Type                      Level
   *Corona                            Hexes                        1
   Sure Blade                         Hexes/Charms                 2
   Ensorcelled Hibernation            Hexes/Ice                    2
   Confuse                            Hexes                        3
   Dazzling Spray                     Conjuration/Hexes            3
   Enslavement                        Hexes                        4


   Skills:
 + Level 0.2 Fighting
 + Level 1.2 Short Blades
 + Level 4.0 Dodging
 + Level 5.5 Stealth
 + Level 2.9 Spellcasting
 + Level 3.9 Hexes


You had 6 spell levels left.
You knew the following spells:

 Your Spells              Type           Power        Failure   Level  Hunger
a - Corona                Hex            ###....      4%          1    #......


Dungeon Overview and Level Annotations

Branches:
Dungeon (3/15)

Altars:
Makhleb


Innate Abilities, Weirdness & Mutations

You are tiny and cannot use many weapons and most armour.
You have supernaturally acute eyesight.
You are a herbivore.
You cover ground extremely quickly.
You need consume almost no food.


Message History

The orc closely misses you.
You hit the orc but do no damage.
The orc is heavily wounded.
The orc hits you but does no damage.
You hit the orc but do no damage.
The orc is heavily wounded.
The orc closely misses you.
You barely miss the orc.
The orc is heavily wounded.
You hit the orc but do no damage.
The orc is heavily wounded.
The orc completely misses you.
You barely miss the orc.
The orc is heavily wounded.
The orc closely misses you.
You hit the orc but do no damage.
The orc is heavily wounded.
The orc hits you with a flail!
Ouch! That really hurt!
You die...

##### ########### ....#
#.........# ....#
#.<.......# ....#
#.........# ....#
#.....o@..# #####
#.........# .
##########.........####.....
............................
.#############..#######.....
.# #...# . .## #.#.# .....
#.#.# ........ #.#.#


You could see an orc.

Vanquished Creatures
  An adder (D:2)
  3 giant geckos
  An orc (D:3)
  2 ball pythons (D:1)
  4 giant cockroaches
  5 hobgoblins
  2 quokkas (D:2)
  7 bats
  3 giant newts
  4 goblins
  2 kobolds (D:2)
  4 rats
38 creatures vanquished.

Notes
Turn   | Place    | Note
--------------------------------------------------------------
     0 | D:1      | CrazyArbalest, the Spriggan Enchanter, began the quest for the Orb.
     0 | D:1      | Reached XP level 1. HP: 9/9 MP: 4/4
   331 | D:1      | Reached XP level 2. HP: 2/13 MP: 7/7
  1261 | D:2      | Reached skill level 5 in Stealth
  1518 | D:2      | Reached XP level 3. HP: 16/16 MP: 9/9
  2023 | D:3      | Found a burning altar of Makhleb.
  2156 | D:3      | Slain by an orc

Action                   || total
-------------------------++-------
Melee: Dagger            ||   167
  Use: Scroll            ||     1
 Stab: Sleeping          ||     8
